 Dungeon Crawl Stone Soup version 0.19-a0-1626-g5215c36 (webtiles) character file.

58 wazuzu the Insei (level 3, 0/28 HPs)
             Began as a Draconian Transmuter on Sept 18, 2016.
             Slain by an orc wizard
             ... wielding a +0 dagger
              (1 damage)
             ... on level 3 of the Dungeon.
             The game lasted 00:03:31 (1973 turns).

wazuzu the Insei (Draconian Transmuter)             Turns: 1973, Time: 00:03:32

Health: 0/28       AC:  5    Str: 12    XL:     3   Next: 75%
Magic:  6/6        EV: 12    Int: 13    God:
Gold:   72         SH:  0    Dex: 12    Spells: 1 memorised, 5 levels left

rFire  . . .     SeeInvis .       - Unarmed
rCold  . . .     Gourm    .     (armour unavailable)
rNeg   . . .     Faith    .     (no shield)
rPois  .         Spirit   .     (helmet restricted)
rElec  .         Dismiss  .     (no cloak)
rCorr  .         Reflect  .     (no gloves)
MR     .....     Harm     .     (no boots)
Stlth  +.........               (no amulet)
                                (no ring)
                                (no ring)

@: no status effects
A: unfitting armour, cold-blooded, AC +5
a: no special abilities


You were on level 3 of the Dungeon.
You were near starving.

You visited 1 branch of the dungeon, and saw 3 of its levels.

You collected 72 gold pieces.

Inventory:

Missiles
 a - 12 arrows
Scrolls
 e - 2 scrolls of enchant armour {unknown}
 h - a scroll of recharging {unknown}
 i - 3 scrolls of remove curse {unknown}
 k - 2 scrolls of identify {unknown}
Potions
 d - 4 potions of curing {unknown}
 f - a potion of cure mutation {unknown}
Books
 b - a book of Changes

   Spells                             Type                      Level
   a - Beastly Appendage              Transmutation                1
   b - Sticks to Snakes               Transmutation                2
   c - Spider Form                    Transmutation/Poison         3
   d - Ice Form                       Ice/Transmutation            4
   e - Blade Hands                    Transmutation                5
Comestibles
 c - a bread ration
 g - a meat ration


   Skills:
 - Level 1.1 Fighting
 - Level 1.7 Dodging
 + Level 4.7 Unarmed Combat
 - Level 2.0 Spellcasting
 - Level 2.0 Transmutations


You had 5 spell levels left.
You knew the following spells:

 Your Spells              Type           Power        Failure   Level  Hunger
a - Beastly Appendage     Tmut           #.....       12%         1    ##.....


Dungeon Overview and Level Annotations

Branches:
Dungeon (3/15)

Altars:
Nemelex Xobeh
Trog


Innate Abilities, Weirdness & Mutations

Your plain brown scales are hard. (AC +5)
Your body does not fit into most forms of armour.
You are cold-blooded and may be slowed by cold attacks.


Message History

You barely miss the orc wizard. The orc wizard hits you with a dagger.
* * * LOW HITPOINT WARNING * * *
You hit the orc wizard but do no damage.
The orc wizard barely misses you.
You hit the orc wizard.
The orc wizard is moderately wounded.
The orc wizard hits you with a dagger.
* * * LOW HITPOINT WARNING * * *
The orc wizard hits you but does no damage.
You closely miss the orc wizard.
The orc wizard is moderately wounded.
The orc wizard closely misses you.
You hit the orc wizard but do no damage.
The orc wizard is moderately wounded.
The orc wizard closely misses you.
You barely miss the orc wizard.
The orc wizard is moderately wounded.
The orc wizard hits you but does no damage.
The orc wizard hits you with a dagger.
You die...

.# .# .# ### .#
##.## .# ###
##.#.## .##....
##.###.###)...#
#<##....@oo#
##.#.#.#####
#...## ##.# #.#
# #


You could see 2 orc wizards.

Vanquished Creatures
  2 adders (D:2)
  A dart slug (D:1)
  2 leopard geckos (D:1)
  2 orcs (D:3)
  5 bats
  A giant cockroach (D:1)
  2 goblins
  4 hobgoblins (D:1)
  3 jackals (D:2)
  A quokka (D:2)
  3 frilled lizards
  4 kobolds
  2 rats
32 creatures vanquished.

Vanquished Creatures (others)
  A rat (D:2)
1 creature vanquished.

Grand Total: 33 creatures vanquished

Notes
Turn   | Place    | Note
-------+----------+-------------------------------------------
     0 | D:1      | wazuzu the Draconian Transmuter began the quest for the Orb.
     0 | D:1      | Reached XP level 1. HP: 16/16 MP: 3/3
   422 | D:1      | Reached XP level 2. HP: 22/23 MP: 5/5
   734 | D:1      | Reached skill level 4 in Unarmed Combat
   930 | D:2      | Reached XP level 3. HP: 8/28 MP: 6/6
  1347 | D:2      | Found a bloodstained altar of Trog.
  1693 | D:2      | Found a sparkling altar of Nemelex Xobeh.
  1970 | D:3      | HP: 1/28 [orc wizard/dagger (4)]
  1973 | D:3      | Slain by an orc wizard

Vault maps used:
D:1:      lightli_arrival_noodles
D:2:      nemelex_altar_shiori, overflow_temple_1_default, serial_bayou_ford_a,
          minmay_strange_pillars
D:3:      first_bread, kennysheep_generic_room_11, uniq_iyjb, uniq_grinder

Skill      XL: |  1  2 |
---------------+-------+-----
Unarmed Combat | 4 |  4.7
Fighting       | |  1.1
Dodging        | |  1.7
Spellcasting   | |  2.0
Transmutations | |  2.0

Action                   || total
-------------------------++-------
Melee: Unarmed           ||   144
       Tailslap          ||    11
       Headbutt          ||     5
       Kick              ||     4
       Punch             ||     1
 Cast: Beastly Appendage ||    13
  Eat: Chunk             ||     2
Armor: Skin              ||    45
Dodge: Dodged            ||   105
